 Dungeon Crawl Stone Soup version 0.23-a0-350-g6fd5563 (webtiles) character file.

53 CanOfBees the Bolt Thrower (level 3, -1/22 HPs)
             Began as a Tengu Hunter on Oct 20, 2018.
             Slain by a worm (7 damage)
             ... on level 2 of the Dungeon.
             The game lasted 00:03:22 (1335 turns).

CanOfBees the Bolt Thrower (Tengu Hunter)           Turns: 1335, Time: 00:03:23

Health: -1/22      AC:  5    Str: 13    XL:     3   Next: 87%
Magic:  4/4        EV: 11    Int: 11    God:
Gold:   42         SH:  0    Dex: 14    Spells: 2/2 levels left

rFire    . . .     SeeInvis .   b - +1 hand axe (venom)
rCold    . . .     Gourm    .   (no shield)
rNeg     . . .     Faith    .   i - +0 ring mail
rPois    .         Spirit   .   (helmet restricted)
rElec    .         Reflect  .   (no cloak)
rCorr    .         Harm     .   (no gloves)
MR       .....                  (boots unavailable)
Stlth    ..........             (no amulet)
HPRegen  0.07/turn              s - ring of attention (curse)
MPRegen  0.09/turn              (no ring)

@: no status effects
A: beak, talons 3
a: no special abilities


You were on level 2 of the Dungeon.
You were not hungry.

You visited 1 branch of the dungeon, and saw 2 of its levels.

You collected 42 gold pieces.

Inventory:

Hand Weapons
 a - a +1 hand crossbow
 b - a +1 hand axe of venom (weapon)
Missiles
 d - 20 bolts
 h - 132 stones (quivered)
 p - 2 throwing nets
Armour
 i - a +0 ring mail (worn)
Jewellery
 s - a cursed ring of attention (left hand)
Wands
 o - a wand of iceblast (3)
Scrolls
 e - a scroll of amnesia {unknown}
 k - a scroll of enchant weapon {unknown}
 m - a scroll of enchant armour {unknown}
 n - a scroll of teleportation {unknown}
Potions
 j - 3 potions of cancellation {unknown}
 l - a potion of haste {unknown}
 q - a potion of flight {unknown}
 r - a potion of might {unknown}
Comestibles
 c - a chunk of flesh
 f - 5 rations


   Skills:
 + Level 2.6 Fighting
 + Level 4.8 Crossbows
 + Level 2.9 Dodging
 - Level 2.0 Stealth


You had 2 spell levels left.
You didn't know any spells.
Your spell library was empty.

Dungeon Overview and Level Annotations

Branches:
Dungeon (2/15)

Altars:


Innate Abilities, Weirdness & Mutations

You have a beak for a mouth.
You have claws for feet.


Message History

There is an open door here.
You now have 42 gold pieces (gained 4).
f - 5 rations (gained 1)
You open the door.
A worm and a kobold come into view.
The kobold shouts!
You hear a shout!
Found a dagger.
Found an escape hatch in the floor.
You start waiting.
The worm is too close now for your liking.
The worm bites you!
You hit the worm.
The worm is poisoned.
Your peck misses the worm.
The worm is lightly wounded.
The worm bites you!
* * * LOW HITPOINT WARNING * * *
You hit the worm.
The worm looks as sick as possible!
The worm is heavily wounded.
You barely miss the worm.
The worm is severely wounded.
The worm bites you!
You die...

#........##
#......... #.....K>.
.w..... ....) ...
#'# #######
#######.#
.....<######....@wK#
......'......#######
......#####..#
....).....#..#
......###.#....
รท.....# ##.#.#
####+## ..#.# ..#
..# # ..# ###


You could see a worm and a kobold.

Vanquished Creatures
  An adder (D:2)
  A dart slug (D:2)
  A giant cockroach (D:2)
  5 goblins
  5 hobgoblins
  6 jackals (D:1)
  5 kobolds
  4 ball pythons
  3 bats (D:1)
  2 frilled lizards
  5 rats (D:1)
38 creatures vanquished.

Notes
Turn   | Place    | Note
-------+----------+-------------------------------------------
     0 | D:1      | CanOfBees the Tengu Hunter began the quest for the Orb.
     0 | D:1      | Reached XP level 1. HP: 12/12 MP: 2/2
   171 | D:1      | Reached XP level 2. HP: 17/17 MP: 3/3
   576 | D:1      | Reached XP level 3. HP: 11/22 MP: 4/4
   989 | D:1      | You fall through a shaft!
  1335 | D:2      | Slain by a worm

Vault maps used:
D:1:      lemuel_arrival_rhombus, chequers_serial_rivers_small_3,
          minmay_domino_2
D:2:      overflow_temple_1_default, lemuel_coloured_pillars_altar, bloody_trog,
          first_ration, minmay_joined_circles, uniq_terence

Skill      XL: |  1  2  3 |
---------------+----------+-----
Stealth        | 2 |  2.0
Fighting       | |  2.6
Crossbows      | |  4.8
Dodging        | |  2.9

Action                   || total
-------------------------++-------
Melee: Short sword       ||    19
       Kick              ||    17
       Peck              ||     8
       Hand axe          ||    50
 Fire: Hand crossbow     ||     2
Throw: Stone             ||    43
 Stab: Sleeping          ||     1
  Eat: Chunk             ||     1
Armor: Leather armour    ||    22
       Ring mail         ||     4
Dodge: Dodged            ||    57

Table legend:
 A = Non-vault XP
 B = Vault XP
 C = Vault XP percentage of total XP
 D = Non-vault monster count
 E = Vault monster count
 F = Vault count percentage of total count
                 A         B        C        D         E       F
            +---------+---------+-------+---------+---------+-------
      Total |      44 |      32 |  42.1 |      27 |      11 |  28.9
            +---------+---------+-------+---------+---------+-------
        D:1 |      39 |       1 |   2.5 |      24 |       1 |   4.0
        D:2 |       5 |      31 |  86.1 |       3 |      10 |  76.9
            +---------+---------+-------+---------+---------+-------
